 Dungeon Crawl Stone Soup version 0.30.0 (webtiles) character file.

Game seed: 9919580022676441134

535 Ayyar the Chopper (level 7, 0/54 HPs)
             Began as a Demonspawn Gladiator on May 10, 2023.
             Succumbed to Edmund's poison
             ... on level 5 of the Dungeon.
             The game lasted 00:12:11 (3440 turns).

Ayyar the Chopper (Demonspawn Gladiator)            Turns: 3440, Time: 00:12:12

Health: 0/54       AC:  4    Str: 17    XL:     7   Next: 4%
Magic:  7/7        EV: 13    Int:  9    God:
Gold:   219        SH:  4    Dex: 14    Spells: 6/6 levels left

rFire   + . .        a - +0 war axe
rCold   + . .        (no shield)
rNeg    . . .        b - +0 leather armour
rPois   +            c - +0 helmet
rElec   +            (no cloak)
rCorr   +            (no gloves)
SInv    .            (no boots)
Will    .....        (no amulet)
Stlth   +            (no ring)
HPRegen 0.29/turn    (no ring)
MPRegen 0.10/turn

%: no passive effects
@: lethally poisoned (0 -> -7), resistant
A: large bone plates 1, demonic guardian 1, demonic touch 2
a: no special abilities


You were on level 5 of the Dungeon.
You visited 1 branch of the dungeon, and saw 5 of its levels.

You collected 219 gold pieces.

Inventory:

Hand Weapons
 a - a +0 war axe (weapon)
 u - a +3 mace
Missiles
 d - 3 throwing nets (quivered)
 e - a javelin
Armour
 b - a +0 leather armour (worn)
 c - a +0 helmet (worn)
Jewellery
 w - an amulet of the acrobat
Scrolls
 f - a scroll of poison {unknown}
 h - 2 scrolls of enchant armour {unknown}
 l - a scroll of noise {unknown}
 m - a scroll of teleportation {unknown}
 n - a scroll of vulnerability {unknown}
 q - a scroll of identify
 v - a scroll of amnesia {unknown}
 x - a scroll of magic mapping {unknown}
Potions
 g - a potion of attraction {unknown}
 i - 4 potions of magic
 j - 2 potions of lignification
 k - a potion of mutation {unknown}
 o - 2 potions of heal wounds {unknown}
 p - 2 potions of curing
 r - a potion of brilliance {unknown}
 s - a potion of berserk rage {unknown}
 t - a potion of flight
 z - a potion of resistance


   Skills:
 + Level 4.1 Fighting
 + Level 4.3 Axes
 + Level 3.7 Throwing
 + Level 4.3 Dodging


You had 6 spell levels left.
You didn't know any spells.
Your spell library contained the following spells:

 Spells                   Type           Power      Damage    Failure   Level
 Ensorcelled Hibernation  Hex/Ice        0%         N/A       58%         2
 Passwall                 Tmut/Erth      0%         N/A       58%         2
 Swiftness                Air            0%         N/A       83%         3


Dungeon Overview and Level Annotations

Branches:
Dungeon (5/15)
 Temple: D:4-7

Altars:
Ashenzari
Dithmenos
Sif Muna
Uskayaw

Shops:
D:5 [

Annotations:
D:3 3 runed translucent doors, ChinnyChinChin's ghost, amateur MfSu
D:5 Edmund


Innate Abilities, Weirdness & Mutations

You are partially covered in large bone plates. (SH +4)
A weak demonic guardian rushes to your aid.
Your touch may inflict irresistible damage on your foes.


Message History

Edmund is heavily wounded.
Edmund hits you but does no damage.
You are poisoned.
Your quasit bites Edmund but does no damage.
Your quasit barely misses Edmund.
Your quasit claws Edmund but does no damage.
You barely miss Edmund.
Edmund is heavily wounded.
You feel very sick.
Edmund hits you with a +2 flail of venom.
* * * LOW HITPOINT WARNING * * *
You are lethally poisoned!
Your quasit barely misses Edmund.
Your quasit claws Edmund but does no damage. x2
Your quasit barely misses Edmund. x2
Your quasit claws Edmund but does no damage.
Edmund completely misses you.
You hit Edmund.
Edmund is severely wounded.
* * * LOW HITPOINT WARNING * * *
You feel very sick.
Your quasit closely misses Edmund.
Your quasit claws Edmund but does no damage. x2
Edmund hits you with a +2 flail of venom.
* * * LOW HITPOINT WARNING * * *
It was a potion of flight.
Your roots keep you in place.
You feel less wooden.
Your +0 helmet unmelds from your body.
Your +0 leather armour unmelds from your body.
* * * LOW HITPOINT WARNING * * *
You feel sick.
Your quasit bites Edmund but does no damage.
Your quasit barely misses Edmund.
Your quasit claws Edmund but does no damage.
Edmund hits your quasit with a +2 flail of venom.
Your quasit closely misses Edmund.
Your quasit claws Edmund.
Your quasit closely misses Edmund.
It was a potion of resistance.
You feel protected.
You die...

##..### #.....#
##..##8# ### .
....##.###.### ..
....8.∩.8....#### ..#
...#..<#........## ..#
...##†8#.........# ..#
...##...........5#...#
..####..........@@..#
).# ##.............##
..# #.............##
.## #............## .#
##....).......# ##
#............##
#............#
#....(.......#
#..........#.#


You could see Edmund (distracted, ally target) and a friendly quasit (summoned).

Vanquished Creatures
  An ice beast (D:4)
  3 scorpions
  A howler monkey (D:4)
  2 jellies (D:4)
  9 adders
  5 dart slugs
  4 orcs
  6 ball pythons
  9 endoplasms
  4 giant cockroaches
  6 goblins
  5 hobgoblins
  5 jackals
  2 quokkas
  7 bats
  3 frilled lizards (D:1)
  3 kobolds
  6 rats
81 creatures vanquished.

Notes
Turn   | Place    | Note
-------+----------+-------------------------------------------
     0 | D:1      | Ayyar the Demonspawn Gladiator began the quest for the Orb.
     0 | D:1      | Reached XP level 1. HP: 16/16 MP: 1/1
   169 | D:1      | Gained mutation: A weak demonic guardian rushes to your
                  | aid. [demonic ancestry]
   169 | D:1      | Reached XP level 2. HP: 22/22 MP: 2/2
   765 | D:2      | Gained mutation: Your touch may inflict minor irresistible
                  | damage on your foes. [demonic ancestry]
   765 | D:2      | Reached XP level 3. HP: 25/28 MP: 3/3
   948 | D:2      | Found a broken altar of Ashenzari.
  1054 | D:2      | Reached XP level 4. HP: 31/34 MP: 4/4
  1739 | D:3      | Noticed ChinnyChinChin's ghost (amateur MfSu)
  1742 | D:3      | Found a runed translucent gate.
  1746 | D:3      | Found a runed translucent gate.
  1746 | D:3      | Found a runed translucent gate.
  1768 | D:3      | Found a hide-covered altar of Uskayaw.
  2326 | D:4      | Found a shimmering blue altar of Sif Muna.
  2412 | D:4      | Reached XP level 5. HP: 30/41 MP: 5/5
  2780 | D:4      | Gained mutation: Your touch may inflict irresistible damage
                  | on your foes. [demonic ancestry]
  2780 | D:4      | Reached XP level 6. HP: 43/47 MP: 6/6
  2838 | D:4      | Found a shadowy altar of Dithmenos.
  3104 | D:5      | Entered Level 5 of the Dungeon
  3258 | D:5      | Identified the +0 spear of the Desert {pain, Int+4}
  3261 | D:5      | Noticed an ice beast
  3280 | D:4      | Killed an ice beast
  3281 | D:4      | Gained mutation: You are partially covered in large bone
                  | plates. (SH +4) [demonic ancestry]
  3281 | D:4      | Reached XP level 7. HP: 33/54 MP: 7/7
  3356 | D:5      | Found Ketzaap's Antique Armour Shoppe.
  3420 | D:5      | Noticed Edmund
  3439 | D:5      | HP: 2/54 [poisoned by Edmund]
  3440 | D:5      | Succumbed to Edmund's poison

Illustrated notes

Levels and vault maps discovered:
D:1:      denvon_arrival_waterhouse, layout_loops_ring, st_stairs_4, hex_tiny,
          minmay_tripent
D:2:      layout_rooms, basic_altar
D:3:      layout_basic, lemuel_doored_altar, gammafunk_ghost_split,
          dk_noncrumbling_3, minmay_misc_feat_tower
D:4:      layout_basic, nicolae_sif_muna_condensation,
          lemuel_coloured_pillars_altar
D:5:      layout_cave_pods, mainiacjoe_overflow_concentric_impassable,
          serial_shops, nicolae_shop_statue_plus, grunt_ministairs_12,
          uniq_pikel, uniq_edmund

Skill      XL: |  1  2  3  4  5  6 |
---------------+-------------------+-----
Throwing       | 2 3 |  3.7
Axes           | 3 4 |  4.3
Dodging        | 3 4 |  4.3
Fighting       | 3 4 |  4.1

Action                     |  1- 3 |  4- 6 |  7- 9 || total
---------------------------+-------+-------+-------++-------
  Melee: War axe           |   105 |   112 |    18 ||   235
         Touch             |     8 |    13 |     1 ||    22
         Punch             |       |     5 |     2 ||     7
    Use: Scroll            |       |     1 |       ||     1
         Potion            |       |       |     4 ||     4
   Stab: Sleeping          |     1 |     1 |       ||     2
 Armour: Leather armour    |    42 |    36 |     3 ||    81
         Skin              |       |       |    10 ||    10
  Dodge: Dodged            |    86 |    77 |     5 ||   168
  Block: Other             |       |       |     1 ||     1
